[Event "January 9 Early 2024"]
[Site "https://www.chess.com"]
[Date "2024.01.11"]
[Round "8"]
[White "Nikulina, Alena"]
[Black "Hercegovac, Neven"]
[Result "0-1"]
[Board "184"]
[TimeControl "180+1"]
[WhiteFideId "4172051"]
[BlackFideId "2839135"]
[WhiteElo "2122"]
[BlackElo "2339"]
[WhiteTeam "RUS"]
[BlackTeam "ITA"]
[WhiteClock "0:00:08"]
[BlackClock "0:00:11"]

1. e4 c5 2. Nf3 d6 3. c3 Nf6 4. h3 Nc6 5. Bd3 e5 6. Bc2 g6 7. O-O Bg7 8. d4 exd4 9. cxd4 cxd4 10. Nxd4 O-O 11. Nb5 d5 12. exd5 Nxd5 13. N1c3 Nxc3 14. Nxc3 Nd4 15. Be3 Nxc2 16. Qxc2 Bf5 17. Qb3 b6 18. Rad1 Qc7 19. Nd5 Qb7 20. Bg5 Be6 21. Qf3 Bxd5 22. Qxd5 Qxd5 23. Rxd5 Bxb2 24. Rd7 Kg7 25. Rb1 Bf6 26. Be3 Rfd8 27. Rbd1 Rxd7 28. Rxd7 Be5 29. f4 Bc3 30. Kf2 a5 31. Bxb6 Rb8 32. Rd3 Rxb6 33. Rxc3 Rb2+ 34. Kf3 Rxa2 35. g4 Kf6 36. Rc6+ Ke7 37. h4 Kd7 38. Ra6 a4 39. Ke4 Ra1 40. Kd5 a3 41. Ra7+ Ke8 42. Kd6 Kf8 43. h5 a2 44. hxg6 hxg6 45. Ke5 Re1+ 46. Kf6 a1=Q+ 47. Rxa1 Rxa1 48. g5 Ra6+ 49. Ke5 Kg7 0-1

[Event "January 9 Early 2024"]
[Site "https://www.chess.com"]
[Date "2024.01.11"]
[Round "8"]
[White "Mirzoev, Azer"]
[Black "Tatarinov, Dmitry"]
[Result "1-0"]
[Board "185"]
[TimeControl "180+1"]
[WhiteFideId "13400304"]
[BlackFideId "24160067"]
[WhiteElo "2651"]
[BlackElo "2747"]
[WhiteTeam "AZE"]
[BlackTeam "RUS"]
[WhiteClock "0:00:07"]
[BlackClock "0:00:05"]

1. d4 Nf6 2. Nf3 g6 3. Bf4 d6 4. e3 Nh5 5. Bg5 h6 6. Bh4 g5 7. Nfd2 Ng7 8. Bg3 Nf5 9. c3 Bg7 10. Bd3 c5 11. Na3 cxd4 12. exd4 Nc6 13. Nc2 h5 14. Ne3 Nxe3 15. fxe3 h4 16. Bf2 h3 17. g3 e5 18. O-O f5 19. Qc2 e4 20. Bb5 d5 21. c4 Be6 22. Qa4 O-O 23. Bxc6 bxc6 24. Qxc6 Qc8 25. Qxc8 Raxc8 26. c5 f4 27. b4 Bg4 28. Nb3 Rf7 29. exf4 gxf4 30. gxf4 Rxf4 31. Bg3 Rf3 32. Rxf3 Bxf3 33. b5 Bh6 34. Re1 Kh7 35. a4 e3 36. c6 e2 37. Kf2 Rf8 38. Bd6 Rf7 39. Kg3 Be4 40. c7 Rf3+ 41. Kg4 Rc3 42. Nc5 Bf3+ 43. Kh4 Bd2 44. c8=Q Bxe1+ 45. Kg5 Bd2+ 46. Kf6 e1=Q 47. Qf5+ Kg8 48. Qg6+ 1-0

[Event "January 9 Early 2024"]
[Site "https://www.chess.com"]
[Date "2024.01.11"]
[Round "8"]
[White "Materia, Marco"]
[Black "Bindrich, Falko"]
[Result "1-0"]
[Board "186"]
[TimeControl "180+1"]
[WhiteFideId "45150451"]
[BlackFideId "4676670"]
[WhiteElo "2830"]
[BlackElo "2813"]
[WhiteTeam "FRA"]
[BlackTeam "GER"]
[WhiteClock "0:00:12"]
[BlackClock "0:00:10"]

1. d4 d5 2. c4 e6 3. Nf3 Nf6 4. Nc3 c6 5. Bg5 Be7 6. e3 Nbd7 7. Qc2 O-O 8. Rd1 b6 9. cxd5 cxd5 10. Bd3 Bb7 11. O-O a6 12. Ne5 h6 13. Bf4 Nxe5 14. Bxe5 Nd7 15. Bg3 Rc8 16. Qe2 b5 17. a4 bxa4 18. Nxa4 Qa5 19. Ra1 Qb4 20. Bxa6 Bxa6 21. Qxa6 Ra8 22. Qc6 Nf6 23. Qc2 Ne4 24. Nc3 Rac8 25. Rfc1 Nxg3 26. hxg3 Rb8 27. Ra2 Rfc8 28. Rca1 Qc4 29. Qd1 Bb4 30. Ne2 Bd6 31. Nc1 Qc2 32. Nd3 Rb3 33. Qxc2 Rxc2 34. Ra8+ Kh7 35. Rd1 h5 36. Rd8 Rb6 37. Rd7 Kg6 38. b4 f6 39. Ra1 Rd2 40. Nc5 e5 41. Raa7 Kf5 42. Rxg7 Rxb4 43. Nd7 exd4 44. Ra6 dxe3 45. Rxd6 exf2+ 46. Kh2 Ke4 47. Re7+ Kd4 48. Rxf6 Rb1 49. Rf4+ Kc3 50. Re3+ Kc2 51. Ref3 Rf1 52. Nf6 Kd1 53. Nxh5 Ke1 54. g4 d4 55. Ng3 d3 56. Nxf1 Kxf1 57. Kg3 Ke1 58. Rxf2 Re2 59. Rxe2+ dxe2 60. Re4 1-0

[Event "January 9 Early 2024"]
[Site "https://www.chess.com"]
[Date "2024.01.11"]
[Round "8"]
[White "Marn, Jan"]
[Black "Wafa, Hamed"]
[Result "1-0"]
[Board "187"]
[TimeControl "180+1"]
[WhiteFideId "14619245"]
[BlackFideId "10628452"]
[WhiteElo "2505"]
[BlackElo "2812"]
[WhiteTeam "SLO"]
[BlackTeam "EGY"]
[WhiteClock "0:00:10"]
[BlackClock "0:00:11"]

1. b3 e5 2. Bb2 Nc6 3. e3 d5 4. Bb5 Bd6 5. Nf3 f6 6. c4 a6 7. Ba4 b5 8. cxb5 Nb4 9. O-O Bd7 10. bxa6 Bxa4 11. bxa4 Nd3 12. Qb3 Nxb2 13. Qxb2 Ne7 14. Nc3 c6 15. Rab1 Rxa6 16. Qc2 O-O 17. Rb3 Ra7 18. Rfb1 Qc7 19. h3 Rfa8 20. d3 g6 21. Nd2 Kf7 22. R1b2 Qa5 23. e4 Qc5 24. exd5 cxd5 25. Nb5 Qxc2 26. Rxc2 Ra6 27. Nxd6+ Rxd6 28. Rb7 Ke6 29. Rcc7 Nc6 30. Nb3 e4 31. d4 Rad8 32. g4 f5 33. g5 f4 34. Rf7 Nxd4 35. Nxd4+ Ke5 36. Ne2 f3 37. Ng3 d4 38. Rbe7+ Re6 39. Rxe6+ Kxe6 40. Rf4 Ke5 41. Rxe4+ Kd5 42. Re1 Ra8 43. Rd1 Rxa4 44. Nf1 Rxa2 45. Nd2 Ra3 46. Kf1 Rd3 47. Ke1 Kd6 48. Ne4+ Ke5 49. Rxd3 Kxe4 50. Kd2 Kf4 51. h4 Ke4 52. Ra3 Kf4 53. Ra4 Ke4 54. Rb4 Kf4 55. Rxd4+ Kf5 56. Ke3 1-0

[Event "January 9 Early 2024"]
[Site "https://www.chess.com"]
[Date "2024.01.11"]
[Round "8"]
[White "Yagupov, Igor"]
[Black "Jimenez Almeida, Luis David"]
[Result "0-1"]
[Board "188"]
[TimeControl "180+1"]
[WhiteFideId "4113632"]
[BlackFideId "22242244"]
[WhiteElo "2620"]
[BlackElo "2526"]
[WhiteTeam "RUS"]
[BlackTeam "ESP"]
[WhiteClock "0:00:01"]
[BlackClock "0:00:06"]

1. e4 b6 2. d4 e6 3. Nf3 d5 4. e5 c5 5. c3 Qd7 6. h4 h5 7. Bg5 Ne7 8. Na3 Nf5 9. Bb5 Nc6 10. Nc2 a6 11. Bd3 Be7 12. Bxf5 exf5 13. Bxe7 Nxe7 14. Qd2 Qb5 15. Na3 Qc6 16. O-O Be6 17. b4 O-O 18. Nc2 Rfe8 19. a4 Rac8 20. Rfc1 Qd7 21. a5 cxb4 22. Nxb4 Qb5 23. axb6 a5 24. Nd3 Qxb6 25. Rcb1 Qc7 26. Nc5 Rb8 27. Rxb8 Qxb8 28. Rxa5 Qb1+ 29. Qe1 Qc2 30. Ra1 Rb8 31. Qd2 Rb2 32. Qxc2 Rxc2 33. Ng5 Rxc3 34. Ncxe6 fxe6 35. Nxe6 Rd3 36. Ra8+ Kh7 37. Ng5+ Kh6 38. Ra6+ Ng6 39. Ne6 Rd1+ 40. Kh2 Nxh4 41. g3 Nf3+ 42. Kg2 Ne1+ 43. Kh3 g6 44. f4 Nf3 45. Kg2 Nxd4 46. Ng5 Rd2+ 47. Kf1 h4 48. Ra7 Kh5 49. gxh4 Kxh4 50. e6 Kg3 51. Ke1 Re2+ 0-1

[Event "January 9 Early 2024"]
[Site "https://www.chess.com"]
[Date "2024.01.11"]
[Round "8"]
[White "Firouzja, Alireza"]
[Black "Duda, Jan-Krzysztof"]
[Result "0-1"]
[Board "189"]
[TimeControl "180+1"]
[WhiteFideId "12573981"]
[BlackFideId "1170546"]
[WhiteElo "3136"]
[BlackElo "3076"]
[WhiteTeam "FRA"]
[BlackTeam "POL"]
[WhiteClock "0:00:02"]
[BlackClock "0:00:06"]

1. e4 e5 2. Nf3 Nf6 3. d3 Nc6 4. g3 Bc5 5. Bg2 d6 6. O-O O-O 7. c3 a5 8. Re1 h6 9. d4 Ba7 10. h3 Re8 11. Na3 Bd7 12. Nb5 Bb6 13. a4 exd4 14. Nfxd4 Ne5 15. f4 Qc8 16. Kh2 Ng6 17. c4 Bc5 18. Nc3 c6 19. Be3 Qc7 20. Qc2 Qb6 21. Rad1 Rad8 22. b3 Nf8 23. Qf2 Bc8 24. Rd3 Qc7 25. Red1 Bb4 26. Nde2 N8d7 27. Bd4 Bc5 28. g4 Bxd4 29. Rxd4 Nf8 30. Qf3 Ne6 31. R4d2 Nc5 32. Ng3 Nxb3 33. Rf2 Nc5 34. g5 hxg5 35. fxg5 Nh7 36. h4 Be6 37. Nce2 Bxc4 38. Nf4 Qe7 39. Nfh5 Qe5 40. Qe3 Nxa4 41. Rf5 Qc3 42. Qf4 Nb2 43. Rxd6 Nd3 44. Rxd8 Rxd8 45. Qc7 Rf8 46. g6 fxg6 47. e5 gxh5 48. Nxh5 Bf7 49. e6 Bxh5 50. e7 Rxf5 51. Qc8+ Rf8 52. Qe6+ Bf7 0-1

[Event "January 9 Early 2024"]
[Site "https://www.chess.com"]
[Date "2024.01.11"]
[Round "8"]
[White "Dinu, Dumitru-Daniel"]
[Black "Barbot, Pierre"]
[Result "1-0"]
[Board "190"]
[TimeControl "180+1"]
[WhiteFideId "1208403"]
[BlackFideId "663727"]
[WhiteElo "2495"]
[BlackElo "2306"]
[WhiteTeam "ROU"]
[BlackTeam "FRA"]
[WhiteClock "0:00:02"]
[BlackClock "0:00:05"]

1. e4 c5 2. Nf3 g6 3. d4 cxd4 4. Nxd4 Nc6 5. c4 Bg7 6. Be3 Nf6 7. Nc3 Ng4 8. Qxg4 Nxd4 9. Qd1 Ne6 10. Rc1 d6 11. Be2 O-O 12. O-O a5 13. Qd2 a4 14. Nd5 Nc5 15. Qc2 Bd7 16. Rfd1 a3 17. b3 Bc6 18. Bxc5 dxc5 19. Nf6+ Bxf6 20. Rxd8 Rfxd8 21. Rd1 Rd4 22. Rxd4 Bxd4 23. Kf1 Rd8 24. Bf3 Bb2 25. Ke2 Rd4 26. e5 Bxf3+ 27. Kxf3 Rh4 28. Qe2 Rh5 29. g4 Rxe5 30. Qd2 Bd4 31. Qa5 Re6 32. Kg3 h5 33. h3 hxg4 34. hxg4 Re2 35. f3 Be5+ 36. f4 Re3+ 37. Kf2 Bd4 38. Kf1 Rf3+ 39. Ke2 Rxf4 40. Qxa3 Rxg4 41. Qa8+ Kg7 42. Qxb7 Rf4 43. a4 g5 44. a5 g4 45. a6 g3 46. a7 Rf2+ 47. Kd3 g2 48. Qxg2+ Rxg2 49. a8=Q Rg3+ 50. Ke4 Re3+ 51. Kf4 e5+ 52. Kf5 Rf3+ 53. Qxf3 1-0

[Event "January 9 Early 2024"]
[Site "https://www.chess.com"]
[Date "2024.01.11"]
[Round "8"]
[White "Sjugirov, Sanan"]
[Black "Yeremyan, Alen"]
[Result "0-1"]
[Board "191"]
[TimeControl "180+1"]
[WhiteFideId "4189302"]
[BlackFideId "13308998"]
[WhiteElo "2955"]
[BlackElo "2789"]
[WhiteTeam "HUN"]
[BlackTeam "ARM"]
[WhiteClock "0:00:06"]
[BlackClock "0:00:13"]

1. e4 c5 2. Nf3 Nc6 3. Bb5 e6 4. Bxc6 bxc6 5. b3 Ne7 6. Bb2 Ng6 7. h4 h5 8. e5 d5 9. exd6 f6 10. Nc3 Bxd6 11. Ne4 e5 12. d3 Nf4 13. g3 Nd5 14. Nxd6+ Qxd6 15. Nd2 Bg4 16. Qc1 Nb4 17. Ne4 Qd5 18. a3 f5 19. axb4 fxe4 20. Qg5 O-O 21. Qxe5 Qxe5 22. Bxe5 Bf3 23. O-O exd3 24. cxd3 cxb4 25. Ra4 a5 26. Rfa1 Rfd8 27. d4 Rd5 28. Rxb4 c5 29. Rb5 cxd4 30. Rxd5 Bxd5 31. b4 d3 32. bxa5 Bf3 33. Bc3 Rc8 34. Be1 Rc2 35. a6 d2 36. Bxd2 Rxd2 37. a7 Rd8 38. Kf1 Kf7 39. Kg1 Kf6 40. Kh2 Kf5 41. Ra3 Ba8 42. Ra5+ Kg6 43. Ra1 Rd2 44. Kg1 Kf5 45. f3 g6 46. Ra5+ Kf6 47. Ra6+ Kf7 48. Ra3 Rb2 49. Kf1 Ke7 50. Kg1 Kd7 51. Kf1 Kc7 52. Kg1 Kb6 53. Re3 Kxa7 54. g4 hxg4 55. Ra3+ Kb8 56. fxg4 Rg2+ 57. Kf1 Rxg4 58. Rh3 Bg2+ 0-1

[Event "January 9 Early 2024"]
[Site "https://www.chess.com"]
[Date "2024.01.11"]
[Round "8"]
[White "Sharapov, Evgeny"]
[Black "Domingo Nunez, Alejandro"]
[Result "1-0"]
[Board "192"]
[TimeControl "180+1"]
[WhiteFideId "14103133"]
[BlackFideId "22245561"]
[WhiteElo "2545"]
[BlackElo "2674"]
[WhiteTeam "UKR"]
[BlackTeam "ESP"]
[WhiteClock "0:00:09"]
[BlackClock "0:00:02"]

1. e4 g6 2. d4 Bg7 3. Nc3 c6 4. f4 d5 5. e5 Nh6 6. Nf3 f6 7. Bd3 Bg4 8. h3 Bxf3 9. Qxf3 O-O 10. exf6 Bxf6 11. Ne2 e5 12. dxe5 Bxe5 13. O-O Bg7 14. Kh1 Nd7 15. g4 Nc5 16. Ng3 Qh4 17. Kg2 Rae8 18. Be3 Ne6 19. f5 Ng5 20. Bxg5 Qxg5 21. Rae1 Be5 22. Re2 Bxg3 23. Rxe8 Rxe8 24. Qxg3 gxf5 25. gxf5 Qxg3+ 26. Kxg3 Kf7 27. f6 Ng8 28. Bxh7 Nxf6 29. Bd3 c5 30. b3 a6 31. a4 Rg8+ 32. Kh2 Rh8 33. Rg1 Rh4 34. Kg3 Rd4 35. Kf3 c4 36. bxc4 dxc4 37. Bg6+ Ke6 38. Re1+ Kd6 39. Bf5 Nd5 40. Re4 Rd2 41. Rxc4 b5 42. axb5 axb5 43. Rc8 Ke5 44. Bg4 Kd4 45. Be6 Nb4 46. Rd8+ Kc3 47. Rxd2 Kxd2 48. h4 Nxc2 49. Ke4 Ne3 50. h5 Nc4 51. h6 Nd6+ 52. Kd5 Ne8 53. Ke5 Nc7 54. h7 Nxe6 55. Kxe6 b4 56. h8=Q b3 57. Qb2+ 1-0

[Event "January 9 Early 2024"]
[Site "https://www.chess.com"]
[Date "2024.01.11"]
[Round "8"]
[White "Drozdowski, Kacper"]
[Black "Kiselev, Vitalii"]
[Result "1/2-1/2"]
[Board "193"]
[TimeControl "180+1"]
[WhiteFideId "1136720"]
[BlackFideId "4194128"]
[WhiteElo "2965"]
[BlackElo "2798"]
[WhiteTeam "POL"]
[BlackTeam "FID"]
[WhiteClock "0:00:22"]
[BlackClock "0:00:18"]

1. e4 e5 2. Nf3 d6 3. d4 exd4 4. Nxd4 Nf6 5. Nc3 Be7 6. Be2 O-O 7. O-O Re8 8. Re1 Bf8 9. Bf1 Nbd7 10. Bf4 Nc5 11. f3 Ne6 12. Be3 Nxd4 13. Qxd4 Be6 14. Rad1 Nd7 15. a3 a6 16. Qd2 Ne5 17. b3 Qf6 18. Ne2 Nc6 19. Nf4 Bd7 20. Nd5 Qd8 21. Bg5 f6 22. Be3 Be6 23. Bf2 Bf7 24. c4 b6 25. b4 a5 26. Qc3 axb4 27. axb4 Ne7 28. Ne3 Qc8 29. Nc2 Qb7 30. Nd4 Red8 31. Nb5 Nc6 32. Qb2 Ra4 33. Ra1 Rda8 34. Rxa4 Rxa4 35. Ra1 Rxa1 36. Qxa1 Nxb4 37. Qa4 Na6 38. Nc3 Nc5 39. Qc2 Qc6 40. h4 Be7 41. Qa2 Kf8 42. Qa7 Qd7 43. Qa1 Bd8 44. Nd5 c6 45. Nc3 Qb7 46. Be2 Bc7 47. Qb1 Qa7 48. e5 dxe5 49. Qxh7 Qa1+ 50. Nd1 Ne6 51. Qc2 Nd4 52. Bxd4 Qxd4+ 53. Nf2 Bd6 54. Qd3 Bc5 55. Qxd4 Bxd4 56. Kf1 Bxf2 57. Kxf2 Ke7 58. Ke3 Kd6 59. f4 exf4+ 60. Kxf4 Kc5 61. Kf5 Kd4 62. g4 Kc5 63. h5 b5 64. cxb5 cxb5 65. Bxb5 Kxb5 66. h6 gxh6 67. Kxf6 Bd5 68. Kg6 Bf3 69. Kxh6 Bxg4 1/2-1/2

[Event "January 9 Early 2024"]
[Site "https://www.chess.com"]
[Date "2024.01.11"]
[Round "8"]
[White "Skliarov, Viktor"]
[Black "Szpar, Milosz"]
[Result "0-1"]
[Board "194"]
[TimeControl "180+1"]
[WhiteFideId "14106736"]
[BlackFideId "1184989"]
[WhiteElo "2675"]
[BlackElo "2841"]
[WhiteTeam "UKR"]
[BlackTeam "POL"]
[WhiteClock "0:00:03"]
[BlackClock "0:00:17"]

1. e4 c5 2. Nf3 d6 3. d4 cxd4 4. Qxd4 Nf6 5. Nc3 Nc6 6. Bb5 Bd7 7. Bxc6 Bxc6 8. Bg5 e6 9. O-O-O Be7 10. Rhe1 O-O 11. Kb1 h6 12. Bh4 Ne8 13. Bxe7 Qxe7 14. g4 b5 15. h4 a5 16. g5 h5 17. Ne2 e5 18. Qd3 b4 19. Ng3 g6 20. Nh2 Rd8 21. Qa6 Qc7 22. Nhf1 Ng7 23. Ne3 Ne6 24. Nd5 Bxd5 25. Rxd5 Rc8 26. Rc1 Rfd8 27. Qxa5 Qc4 28. Qb5 Qc7 29. Qxb4 Nc5 30. Ne2 Rb8 31. Qc4 Qb7 32. b3 Rdc8 33. Rcd1 Nxb3 34. Qxb3 Qc6 35. R1d2 Rxb3+ 36. axb3 Ra8 37. Rxd6 Qxe4 38. Rd8+ Kg7 39. Nc3 Qh1+ 40. Rd1 Qb7 41. Rxa8 Qxa8 42. Re1 Qf3 43. Re3 Qxf2 44. Re4 f5 45. gxf6+ Kxf6 46. Kb2 Kf5 47. b4 Qf1 48. b5 Qf2 49. Rb4 Qc5 50. Rb3 Qb6 51. Rb4 g5 52. hxg5 Kxg5 53. Ne4+ Kf5 54. Kb3 h4 55. Nf2 Qxf2 56. b6 Qf3+ 57. c3 Qb7 58. Rxh4 Qxb6+ 59. Rb4 Qe6+ 0-1

[Event "January 9 Early 2024"]
[Site "https://www.chess.com"]
[Date "2024.01.11"]
[Round "8"]
[White "Pogorelskikh, Sofia"]
[Black "Pandey Srishti"]
[Result "0-1"]
[Board "195"]
[TimeControl "180+1"]
[WhiteFideId "44164548"]
[BlackFideId "35093290"]
[WhiteElo "2265"]
[BlackElo "2456"]
[WhiteTeam "SRB"]
[BlackTeam "IND"]
[WhiteClock "0:00:01"]
[BlackClock "0:00:49"]

1. e4 e5 2. Nf3 Nc6 3. Nc3 Nf6 4. d4 exd4 5. Nxd4 Bb4 6. Nxc6 bxc6 7. Bd3 d5 8. exd5 O-O 9. O-O Bg4 10. f3 Bh5 11. dxc6 Qd4+ 12. Kh1 Bxc3 13. bxc3 Qxc3 14. Bg5 Qxc6 15. Qe1 Bg6 16. Bxg6 hxg6 17. Qh4 Nd5 18. c4 Nb6 19. Rac1 Rfe8 20. c5 Nd5 21. Qc4 Rab8 22. h3 Rb4 23. Qc2 Reb8 24. Rfe1 Rb2 25. Qe4 Nb4 26. Rb1 Qxe4 27. fxe4 Nd3 28. Rxb2 Rxb2 29. Re3 Nxc5 30. Bf4 Ne6 31. Bg3 Rxa2 32. Rc3 c5 33. Kh2 a5 34. Bd6 Re2 35. Bxc5 Rxe4 36. Bd6 a4 37. Bg3 Rb4 38. Rc8+ Kh7 39. Ra8 Nd4 40. Ra7 f6 41. Bd6 Rc4 42. Bg3 g5 43. h4 gxh4 44. Bxh4 Kg6 45. Bg3 Nb5 46. Ra6 a3 47. Ra5 Rb4 48. Ra6 Rb2 49. Ra5 a2 50. Bf4 Nc3 51. Bc1 Rb1 52. Bd2 a1=Q 53. Rxa1 Rxa1 54. Bxc3 Ra2 55. Be1 Kf5 56. Bg3 g5 57. Bd6 Kg4 58. Bc7 f5 59. Bd6 f4 60. Kg1 Kg3 61. Be5 g4 62. Bd4 Rc2 63. Bf2+ Rxf2 64. Kh1 Rf1# 0-1

[Event "January 9 Early 2024"]
[Site "https://www.chess.com"]
[Date "2024.01.11"]
[Round "8"]
[White "Ambartsumova, Karina"]
[Black "Hrebenshchykova, Yelyzaveta"]
[Result "0-1"]
[Board "196"]
[TimeControl "180+1"]
[WhiteFideId "4166299"]
[BlackFideId "14159899"]
[WhiteElo "2590"]
[BlackElo "2500"]
[WhiteTeam "RUS"]
[BlackTeam "UKR"]
[WhiteClock "0:00:11"]
[BlackClock "0:00:14"]

1. d4 Nf6 2. c4 g6 3. Nc3 Bg7 4. g3 d5 5. cxd5 Nxd5 6. Bg2 Nb6 7. Nf3 O-O 8. O-O Nc6 9. e3 Re8 10. Nh4 e5 11. d5 Na5 12. f4 exf4 13. exf4 Nac4 14. Qd3 Bf6 15. b3 Nd6 16. Bb2 Nf5 17. Nf3 Ne3 18. Rfe1 Nxg2 19. Rxe8+ Qxe8 20. Kxg2 Bf5 21. Qd2 Rd8 22. Re1 Qf8 23. Ne5 c6 24. g4 Be6 25. Ne4 Bxd5 26. Qc3 Bxe4+ 27. Rxe4 Nd5 28. Qc2 Bg7 29. Qf2 Re8 30. Nd7 Rxe4 31. Nxf8 Rxf4 32. Qd2 Bxf8 33. h3 Bc5 34. Be5 Rf2+ 35. Qxf2 Bxf2 36. Kxf2 f6 37. Bd4 a6 38. Kf3 Kf7 39. Ke4 Ke6 40. Bc5 b5 41. Bd4 f5+ 42. gxf5+ gxf5+ 43. Kf3 Nb4 44. a3 Nc2 45. Bb2 c5 46. Kf4 Ne1 47. Kg5 Nd3 48. Bc3 f4 49. Kg4 Kd5 50. Kf3 b4 51. axb4 cxb4 52. Bg7 Nc5 53. Bf8 a5 54. Kxf4 Nxb3 55. Kg5 Kc4 56. Kh6 a4 57. Kxh7 a3 58. Bg7 Nd4 59. h4 a2 60. h5 a1=Q 61. h6 Qb1+ 62. Kg8 b3 63. h7 Qxh7+ 64. Kxh7 b2 0-1

[Event "January 9 Early 2024"]
[Site "https://www.chess.com"]
[Date "2024.01.11"]
[Round "8"]
[White "Yushko, Olga"]
[Black "Thake, Conrad"]
[Result "0-1"]
[Board "197"]
[TimeControl "180+1"]
[WhiteFideId "14114500"]
[BlackFideId "5602947"]
[WhiteElo "2104"]
[BlackElo "1859"]
[WhiteTeam "UKR"]
[BlackTeam "MLT"]
[WhiteClock "0:00:37"]
[BlackClock "0:00:14"]

1. d4 c5 2. d5 Nf6 3. c4 d6 4. Nc3 g6 5. e4 Bg7 6. h3 O-O 7. Nf3 e6 8. Be2 exd5 9. exd5 Re8 10. O-O Nbd7 11. Bf4 Ne5 12. Nxe5 dxe5 13. Bg5 a6 14. d6 Bd7 15. Nd5 Rc8 16. Ne7+ Rxe7 17. dxe7 Qxe7 18. Bf3 Bf5 19. Qb3 e4 20. Rfe1 Qc7 21. Bxf6 Bxf6 22. Bxe4 Bxe4 23. Rxe4 Bd4 24. Rae1 b6 25. Qf3 Rf8 26. b3 Qd6 27. Qf4 Qxf4 28. Rxf4 f5 29. Re5 Bxe5 30. Rf3 Bd4 31. Kf1 Re8 32. Rd3 Kf7 33. Rd2 Kf6 34. Rd1 g5 35. b4 h5 36. bxc5 Bxc5 37. Rd7 Re4 38. Ra7 a5 39. Rh7 h4 40. g3 hxg3 41. fxg3 Rxc4 42. h4 gxh4 43. gxh4 Kg6 44. Rh8 Bd4 45. Rf8 Rc2 46. a4 Rf2+ 47. Ke1 Rf4 48. Rg8+ Kh5 49. Ke2 Rxh4 50. Kd3 Rf4 51. Kc2 Bc5 52. Kb3 Rg4 53. Rh8+ Kg5 54. Rc8 Kf4 55. Kc4 Kf3+ 56. Kb5 f4 57. Re8 Kf2 58. Kc4 f3+ 59. Kd3 Rd4+ 60. Kc3 Kf1 61. Kc2 f2 62. Re6 Rd5 63. Kc3 Kg2 64. Rg6+ Kf3 65. Rf6+ Kg4 66. Rf7 Kg5 67. Kc4 Rf5 0-1

[Event "January 9 Early 2024"]
[Site "https://www.chess.com"]
[Date "2024.01.11"]
[Round "8"]
[White "Matveeva, Olga"]
[Black "Andreev, Konstantin"]
[Result "0-1"]
[Board "198"]
[TimeControl "180+1"]
[WhiteFideId "24107018"]
[BlackFideId "24239305"]
[WhiteElo "2403"]
[BlackElo "2530"]
[WhiteTeam "RUS"]
[BlackTeam "ITA"]
[WhiteClock "0:00:07"]
[BlackClock "0:00:08"]

1. d4 Nf6 2. c4 e6 3. g3 d5 4. Nf3 Bb4+ 5. Bd2 a5 6. Bg2 O-O 7. O-O Be7 8. Qc2 c6 9. Rd1 b6 10. Bf4 Bb7 11. Ne5 Nbd7 12. cxd5 Nxe5 13. dxe5 Nxd5 14. Nc3 Qb8 15. Ne4 Rd8 16. Nd6 Bxd6 17. exd6 Nxf4 18. gxf4 Rxd6 19. e3 Rxd1+ 20. Rxd1 c5 21. Qd2 Bxg2 22. Kxg2 Qb7+ 23. Kg3 h6 24. Qd7 Ra7 25. Qe8+ Kh7 26. Rd8 Kg6 27. h4 Qe4 28. Qb5 Rb7 29. Rd6 Kh5 30. Rxb6 Rxb6 31. Qxb6 Qg6+ 32. Kh2 Qf5 33. Qxa5 Kxh4 34. Qd2 Qe4 35. Qe2 g5 36. f3 Qd5 37. e4 Qd4 38. Qg2 Kh5 39. Qg4+ Kg6 40. f5+ Kf6 41. fxe6 fxe6 42. Qg2 Qe3 43. Qc2 Ke5 44. Qc3+ Qxc3 45. bxc3 h5 46. a4 h4 47. a5 Kd6 48. Kh3 e5 49. Kg4 Kc6 50. f4 gxf4 51. Kxh4 Kb5 0-1

[Event "January 9 Early 2024"]
[Site "https://www.chess.com"]
[Date "2024.01.11"]
[Round "8"]
[White "Von Buelow, Georg"]
[Black "Reprintsev, Alexander"]
[Result "0-1"]
[Board "199"]
[TimeControl "180+1"]
[WhiteFideId "4620658"]
[BlackFideId "14100541"]
[WhiteElo "2143"]
[BlackElo "2455"]
[WhiteTeam "GER"]
[BlackTeam "UKR"]
[WhiteClock "0:00:01"]
[BlackClock "0:00:18"]

1. e4 d5 2. exd5 Qxd5 3. Nc3 Qa5 4. d4 Nf6 5. Nf3 Nc6 6. Bb5 Ne4 7. O-O Nxc3 8. Bxc6+ bxc6 9. bxc3 Bf5 10. Bd2 e6 11. c4 Qa4 12. Ne5 Qxc2 13. Qxc2 Bxc2 14. Rfc1 Bg6 15. Nxc6 Ba3 16. Re1 O-O 17. Bc3 Rfe8 18. Ne5 Bf5 19. g4 Bc2 20. Re2 Ba4 21. Rb1 f6 22. Nd3 Kf7 23. Bb4 Bxb4 24. Rxb4 Bd1 25. Re4 Bc2 26. Re3 Bxd3 27. Rxd3 Reb8 28. Rdb3 Rb6 29. Kf1 Rd8 30. c5 Ra6 31. a4 e5 32. dxe5 fxe5 33. Rb7 Rd7 34. R3b4 Rc6 35. Rxa7 Rxc5 36. Kg2 Ke6 37. h3 Rc2 38. Ra6+ c6 39. Rb3 Rf7 40. Rf3 Rxf3 41. Kxf3 Rc3+ 42. Ke2 Kd5 43. f3 e4 44. fxe4+ Kxe4 45. a5 Rc2+ 46. Kd1 Rc5 47. Ra7 Kd3 48. a6 Ra5 49. Kc1 Kc3 50. Kb1 g5 51. Rxh7 Rxa6 52. Rg7 Ra5 53. Rg6 Rb5+ 54. Kc1 Rc5 55. Kd1 Kd3 56. Rd6+ Ke3 57. Rf6 Rd5+ 58. Kc2 Rc5+ 59. Kd1 Ke4 60. Kd2 Rd5+ 0-1

[Event "January 9 Early 2024"]
[Site "https://www.chess.com"]
[Date "2024.01.11"]
[Round "8"]
[White "Novak, Ratko"]
[Black "Hnatyshyn, Anastasiia"]
[Result "0-1"]
[Board "200"]
[TimeControl "180+1"]
[WhiteFideId "14511827"]
[BlackFideId "14198339"]
[WhiteElo "2415"]
[BlackElo "2285"]
[WhiteTeam "CRO"]
[BlackTeam "UKR"]
[WhiteClock "0:00:01"]
[BlackClock "0:00:06"]

1. d4 Nf6 2. c4 e6 3. a3 d5 4. Nc3 Be7 5. f3 c5 6. dxc5 Bxc5 7. cxd5 exd5 8. b4 Be7 9. e3 Be6 10. Bb5+ Nbd7 11. Nge2 O-O 12. O-O Rc8 13. Qd3 a6 14. Ba4 Nb6 15. Bc2 g6 16. Nd4 Nc4 17. Nxe6 fxe6 18. Ne2 Ne5 19. Qb3 Qb6 20. Nd4 Nc4 21. Bd3 e5 22. Nc2 Kg7 23. Kh1 Qe6 24. e4 dxe4 25. fxe4 b5 26. Bg5 h6 27. Bh4 g5 28. Bg3 Nh5 29. Ne3 Nxg3+ 30. hxg3 Qc6 31. Nf5+ Rxf5 32. Rxf5 Bf6 33. Bxc4 bxc4 34. Qc3 Qxe4 35. Raf1 Rc6 36. a4 Qd3 37. Qxd3 cxd3 38. b5 axb5 39. axb5 Rb6 40. Kg1 e4 41. Rd5 Bc3 42. Kf2 Rf6+ 43. Kg1 e3 44. Rxf6 Kxf6 45. Rxd3 e2 46. Kf2 e1=Q+ 47. Kf3 Qf1+ 48. Ke3 Be5 49. Ke4 Qg1 50. Rd5 Ke6 51. Rxe5+ Kd6 52. Rd5+ Kc7 53. Kf3 Qf1+ 54. Kg4 Qxg2 0-1

[Event "January 9 Early 2024"]
[Site "https://www.chess.com"]
[Date "2024.01.11"]
[Round "8"]
[White "Lu, Shanglei"]
[Black "Iturrizaga Bonelli, Eduardo"]
[Result "0-1"]
[Board "201"]
[TimeControl "180+1"]
[WhiteFideId "8603332"]
[BlackFideId "3901211"]
[WhiteElo "3022"]
[BlackElo "3025"]
[WhiteTeam "CHN"]
[BlackTeam "ESP"]
[WhiteClock "0:00:02"]
[BlackClock "0:00:12"]

1. e4 c5 2. Nf3 e6 3. g3 Nc6 4. Bg2 Nf6 5. Nc3 e5 6. O-O Be7 7. d3 h6 8. Nh4 d6 9. h3 Nd4 10. Ne2 O-O 11. c3 Nc6 12. Nf5 Bxf5 13. exf5 d5 14. g4 Bd6 15. Ng3 Re8 16. g5 hxg5 17. Bxg5 Be7 18. Bxf6 Bxf6 19. Qg4 Qd6 20. c4 dxc4 21. dxc4 Qd2 22. Bxc6 bxc6 23. Ne4 Qh6 24. Rad1 Rad8 25. Rfe1 Rd4 26. Rxd4 cxd4 27. Rd1 Kf8 28. Kg2 a5 29. Rd3 Be7 30. b3 Rd8 31. Nd2 f6 32. Qe4 Qg5+ 33. Kf1 Kf7 34. Ke2 Qh5+ 35. Qg4 Rh8 36. Ne4 Qh7 37. Rg3 Rd8 38. Kd3 Qh6 39. Qg6+ Qxg6 40. Rxg6 Rh8 41. Rg3 Rh5 42. Rf3 Rh4 43. Nd2 g6 44. Ne4 gxf5 45. Rxf5 Rxh3+ 46. Ke2 Ke6 47. Rf3 Rxf3 48. Kxf3 f5 49. Ng3 Bg5 50. Ke2 e4 51. a3 Ke5 52. b4 a4 53. b5 cxb5 54. cxb5 Be7 55. b6 Bxa3 56. b7 Bd6 57. Kd2 a3 58. Kc2 d3+ 59. Kc3 a2 0-1